 Dungeon Crawl Stone Soup version 0.28-a0-938-gbc3f381ebc (webtiles) character file.

Game seed: 12399817457115534468

241675 mandarbmax the Force of Nature (level 18, -8/132 (143) HPs)
             Began as a Demonspawn Gladiator on Nov 28, 2021.
             Was the Champion of Fedhas.
             Killed from afar by Nikola (40 damage)
             ... with an arc of chain lightning
             ... on level 1 of the Elven Halls.
             The game lasted 02:19:10 (41878 turns).

mandarbmax the Force of Nature (DsGl)              Turns: 41878, Time: 02:19:10

HP:   -8/132 (143)  AC: 24    Str: 23    XL:     18   Next: 65%
MP:   32/32         EV: 20    Int: 13    God:    Fedhas [******]
Gold: 2365          SH: 13    Dex: 26    Spells: 15/17 levels left

rFire   + . .      SeeInvis +   b - +9 longbow (flame)
rCold   . . .      Faith    .   (shield currently unavailable)
rNeg    . . .      Spirit   .   A - +2 ring mail of Honour {rF+ Str+2 Int+3 Stlth+}
rPois   .          Reflect  +   c - +3 helmet "Goimamaoteu" {Drain +Blink SInv Stlth+}
rElec   +          Harm     .   U - scarf {+Inv}
rCorr   .          Rampage  .   M - +2 pair of gloves {Stlth+}
Will    +....                   D - +2 pair of boots
Stlth   +++++++++.              C - amulet of Meghunn {Reflect Contam rElec Dex+4 Slay+3 SH+5}
HPRegen 0.32/turn               p - +4 ring of protection
MPRegen 0.23/turn               g - +6 ring of dexterity

@: drained
A: claws 1, large bone plates 3, powered by death 2, spiny 3, bedeviling
}: 2/15 runes: barnacled, gossamer
a: Renounce Religion, Evoke Blink, Evoke Invisibility, Wall of Briars, Grow
Ballistomycete, Overgrow, Grow Oklob


You were on level 1 of the Elven Halls.
You worshipped Fedhas.
Fedhas was exalted by your worship.
You visited 6 branches of the dungeon, and saw 32 of its levels.
You visited the Abyss 1 time.
You also visited: Bailey and Volcano.

You collected 4175 gold pieces.
You spent 1810 gold pieces at shops.

Inventory:

Hand Weapons
 b - a +9 longbow of flaming (weapon)
Missiles
 a - 5 atropa-tipped darts
 d - 6 throwing nets
 f - 9 silver javelins
 s - 9 boomerangs of dispersal
 y - 14 curare-tipped darts
 B - 6 silver boomerangs
 P - 455 arrows (quivered ammo)
 S - a javelin
Armour
 c - the +3 helmet "Goimamaoteu" (worn) {Drain +Blink SInv Stlth+}
   (You found it on level 4 of the Spider Nest)

   SInv:      It lets you see invisible.
   +Blink:    It lets you blink.
   Drain:     It drains your maximum health when unequipped.
   Stlth:     It makes you more stealthy.
 A - the +2 ring mail of Honour (worn) {rF+ Str+2 Int+3 Stlth+}
   (You found it on level 3 of the Lair of Beasts)

   Str:       It affects your strength (+2).
   Int:       It affects your intelligence (+3).
   rF:        It protects you from fire.
   Stlth:     It makes you more stealthy.
 D - a +2 pair of boots (worn)
 L - a +2 cloak of preservation
 M - a +2 pair of gloves of stealth (worn)
 U - a scarf of invisibility (worn)
Jewellery
 g - a +6 ring of dexterity (right hand)
 p - a +4 ring of protection (left hand)
 v - a ring of resist corrosion
 C - the amulet of Meghunn (around neck) {Reflect Contam rElec Dex+4 Slay+3 SH+5}
   (You found it on level 4 of the Shoals)

   [amulet of reflection]

   It reflects blocked missile attacks.
   Dex:       It affects your dexterity (+4).
   Slay:      It affects your accuracy & damage with ranged weapons and melee
   (+3).
   rElec:     It insulates you from electricity.
   Contam:    It causes magical contamination when unequipped.
   SH:        It affects your SH (+5).
 O - a ring of willpower
Wands
 m - a wand of polymorph (14)
 r - a wand of paralysis (26)
 u - a wand of mindburst (9)
 J - a wand of charming (4)
 N - a wand of digging (10)
 R - a wand of acid (6)
 X - a wand of iceblast (6)
Scrolls
 e - 5 scrolls of amnesia
 i - 3 scrolls of fog
 k - a scroll of vulnerability
 q - 3 scrolls of fear
 w - 13 scrolls of teleportation
 x - 2 scrolls of enchant armour
 Y - 3 scrolls of blinking
Potions
 j - 7 potions of might
 l - 3 potions of resistance
 n - 5 potions of flight
 o - 8 potions of haste
 t - 10 potions of curing
 z - 3 potions of cancellation
 G - 4 potions of brilliance
 I - 3 potions of magic
 K - 6 potions of mutation
 Q - 4 potions of lignification
 V - 2 potions of heal wounds
 W - 4 potions of ambrosia
 Z - 2 potions of invisibility
Miscellaneous
 h - a phantom mirror (inert)
 E - a condenser vane (inert)
 H - a box of beasts
 T - a phial of floods


   Skills:
 - Level 13.0 Fighting
 - Level 6.0 Staves
 + Level 15.8 Bows
 - Level 5.0 Throwing
 - Level 10.0 Armour
 - Level 10.0 Dodging
 - Level 15.0 Stealth
 - Level 21.0 Invocations
 - Level 10.0 Evocations


You had 15 spell levels left.
You knew the following spells:

 Your Spells              Type           Power      Damage    Failure   Level
a - Wereblood             Tmut           0%         N/A       56%         2

Your spell library contained the following spells:

 Spells                   Type           Power      Damage    Failure   Level
 Foxfire                  Conj/Fire      0%         2x1d4     41%         1
 Magic Dart               Conj           0%         1d3       41%         1
 Slow                     Hex            0%         N/A       41%         1
 Call Imp                 Summ           0%         N/A       56%         2
 Corpse Rot               Necr/Air       0%         N/A       56%         2
 Ensorcelled Hibernation  Hex/Ice        0%         N/A       56%         2
 Poisonous Vapours        Pois/Air       0%         N/A       56%         2
 Static Discharge         Conj/Air       0%         N/A       56%         2
 Sublimation of Blood     Necr           0%         N/A       56%         2
 Confusing Touch          Hex            0%         N/A       80%         3
 Conjure Flame            Conj/Fire      0%         6-21      80%         3
 Dazzling Flash           Conj/Hex       0%         N/A       80%         3
 Inner Flame              Hex/Fire       0%         N/A       80%         3
 Mephitic Cloud           Conj/Pois/Air  0%         N/A       80%         3
 Ozocubu's Armour         Ice            0%         N/A       80%         3
 Portal Projectile        Hex/Tloc       0%         N/A       80%         3
 Spider Form              Tmut/Pois      0%         N/A       80%         3
 Tukima's Dance           Hex            0%         N/A       80%         3
 Animate Dead             Necr           0%         N/A       99%         4
 Flame Wave               Conj/Fire      0%         2d4       99%         4
 Iskenderun's Mystic Bla  Conj/Tloc      0%         2d3       99%         4
 Passage of Golubria      Tloc           0%         N/A       99%         4
 Petrify                  Tmut/Erth      0%         N/A       99%         4
 Blade Hands              Tmut           0%         N/A       100%        5
 Excruciating Wounds      Necr           0%         N/A       100%        5
 Lightning Bolt           Conj/Air       0%         1d11      100%        5
 Metabolic Englaciation   Hex/Ice        0%         N/A       100%        5
 Yara's Violent Unravell  Hex/Tmut       0%         3d3       100%        5
 Simulacrum               Ice/Necr       0%         N/A       100%        6
 Starburst                Conj/Fire      0%         6d3       100%        6
 Statue Form              Tmut/Erth      0%         N/A       100%        6
 Haunt                    Necr/Summ      0%         N/A       100%        7
 Summon Hydra             Summ           0%         N/A       100%        7
 Infestation              Necr           0%         N/A       100%        8
 Maxwell's Capacitive Co  Air            0%         ∞         100%        8
 Chain Lightning          Conj/Air       0%         N/A       100%        9
 Fire Storm               Conj/Fire      0%         5d1       100%        9
 Shatter                  Erth           0%         3d5*      100%        9


Dungeon Overview and Level Annotations

Branches:
Dungeon (15/15)            Temple (0/1) D:4            Lair (6/6) D:10
 Shoals (4/4) Lair:2       Spider (4/4) Lair:2        Slime (0/5) Lair:5
    Orc (2/2) D:12            Elf (1/3) Orc:2        Vaults (0/5) D:14
 Depths (0/4) D:15         Bailey (visited)         Volcano (visited)

Altars:
Cheibriados
Fedhas
Makhleb
Nemelex Xobeh
Okawaru
Sif Muna
Uskayaw
Yredelemnul
Beogh
Jiyva
Lugonu

Shops:
D:5 !   D:14 [   Orc:2 :[*(   Shoals:1 (

Portals:
Trove: D:15 (give 4 potions of resistance)

Annotations:
D:9 1 transporter
Elf:1 Nikola


Innate Abilities, Weirdness & Mutations

You have sharp fingernails.
You are completely covered in large bone plates. (SH +8)
You regenerate health from kills.
You are completely covered in sharp spines.
Your hexes are more powerful.


Message History

You shoot an arrow. The arrow hits Nikola!!
The arrow burns Nikola!
Nikola is moderately wounded.
Nikola shimmers and vanishes!
Unknown command.
Unknown command.
Fire: 459 arrows
Press: ? - help, Q - select action, (/) - cycle Shift-Dir - straight line, f - Nikola
Aim: Nikola, wielding a +1 rapier of electrocution, wearing a +0 cloak and wearing a +0 pair of gloves (moderately wounded, 81% to hit)
You shoot an arrow. The arrow hits Nikola!!
The arrow burns Nikola.
Nikola is heavily wounded.
Fire: 458 arrows
Press: ? - help, Q - select action, (/) - cycle Shift-Dir - straight line, f/p - Nikola
Aim: Nikola, wielding a +1 rapier of electrocution, wearing a +0 cloak and wearing a +0 pair of gloves (heavily wounded, 81% to hit)
You shoot an arrow. The arrow hits Nikola!
The arrow burns Nikola.
Nikola is severely wounded.
Unknown command.
Fire: 457 arrows
Press: ? - help, Q - select action, (/) - cycle Shift-Dir - straight line, f/p - Nikola
Aim: Nikola, wielding a +1 rapier of electrocution, wearing a +0 cloak and wearing a +0 pair of gloves (severely wounded, 81% to hit)
You shoot an arrow. The arrow hits Nikola!!
The arrow burns Nikola!
Nikola is almost dead.
Nikola is struck by your spines. Nikola barely misses you.
Unknown command.
Fire: 456 arrows
Press: ? - help, Q - select action, (/) - cycle Shift-Dir - straight line, f/p - Nikola
Aim: Nikola, wielding a +1 rapier of electrocution, wearing a +0 cloak and wearing a +0 pair of gloves (almost dead, 81% to hit)
You shoot an arrow. The arrow completely misses Nikola.
Nikola gestures wildly while chanting.
Lightning arcs from Nikola's hands!
The bolt of lightning hits you!!! You resist.
* * * LOW HITPOINT WARNING * * *
A bolt of lightning appears from out of thin air!
The bolt of lightning hits Nikola!
You hear a shout! x5
You feel much better.
Nikola mumbles some strange words.
Lightning arcs from Nikola's hands!
The bolt of lightning hits you!!! You resist.
You die...
Fedhas appreciates your contribution to the ecosystem.

....(.( ....... ##+##
....... ###...####
.().).. ......)..##
.((.... ....).....##
(.)....
.....).....######@.(....
###...###...##..@.......
#)).# #...##.#########
###...###...##.#
...))........#.#
...)<........'.#
....)........###
....).###...## ##....#
#...# ##..)###...#


You could see Nikola.

Vanquished Creatures
  Arachne (Spider:3)
  Jorgrun (D:12)
  A tentacled monstrosity (Abyss:2)
  Mlioglotl (Spider:2)
  2 krakens
  Frances (D:13)
  Roxanne (D:14)
  Ilsuiw (Shoals:3)
  6 ghost moths
  7 emperor scorpions
  An orc warlord (Orc:1)
  Aizul (Shoals:2)
  An ironbound preserver (D:14)
  A dire elephant (D:15)
  3 entropy weavers
  Azrael (D:13)
  2 spark wasps
  A deep elf death mage (Orc:2)
  5 merfolk javelineers
  Snorg (Orc:1)
  A fire dragon (Lair:6)
  7 merfolk impalers
  3 spectral krakens (Shoals:2)
  4 boulder beetles
  An ogre mage (Orc:1)
  9 hydras
  2 ghost crabs (Shoals:2)
  4 merfolk avatars
  2 satyrs
  5 centaur warriors
  A death knight (D:14)
  6 two-headed ogres
  An alligator snapping turtle (Shoals:3)
  A merfolk aquamancer (Shoals:4)
  3 death yaks
  Urug (D:12)
  A dancing weapon (Orc:2)
  2 orc high priests (Orc:2)
  Sonja (Lair:3)
  Nergalle (Orc:2)
  12 sea snakes
  4 deep elf archers (Elf:1)
  2 lindwurms (Lair:6)
  29 wolf spiders
  9 deep elf pyromancers
  10 orc knights
  3 spectral merfolk (Shoals:2)
  13 ugly things
  4 deep elf zephyrmancers (Elf:1)
  3 orc sorcerers
  21 harpies
  19 orb spiders
  16 fauns
  6 cyclopes
  21 manticores
  A moth of wrath (Spider:4)
  11 merfolk sirens
  6 water nymphs
  Joseph (D:9)
  7 black mambas
  A naga mage (D:15)
  An eye of devastation (D:12)
  7 cane toads
  A molten gargoyle (Volcano)
  An unseen horror (shapeshifter) (D:13)
  A spectral sea snake (Shoals:2)
  11 torpor snails
  Psyche (D:12)
  5 kobold demonologists
  4 rime drakes
  Maggie (D:9)
  18 demonic crawlers
  An efreet (D:14)
  A freezing wraith (D:14)
  A guardian mummy (D:15)
  7 komodo dragons
  4 trolls
  2 tengu conjurers (D:15)
  A spectral harpy (Shoals:2)
  34 jumping spiders
  21 merfolk
  3 meliai (D:14)
  3 tyrant leeches (Lair:6)
  18 blink frogs
  A spectral manticore (Shoals:2)
  17 hornets
  8 wind drakes
  10 slime creatures
  11 snapping turtles
  6 dream sheep (Lair:3)
  A centaur simulacrum (D:14)
  3 spectral wind drakes (Shoals:2)
  45 tarantellas
  90 redbacks
  2 shadows
  3 wraiths
  5 water elementals
  A wyvern (Lair:3)
  8 fire elementals
  32 yaks
  A basilisk (shapeshifter) (D:15)
  4 basilisks
  2 steam dragons
  3 vampire mosquitoes (D:14)
  6 wargs
  3 acid dragons
  2 small abominations (D:9)
  11 water moccasins
  2 spectral snapping turtles (Shoals:2)
  2 ice beasts
  2 hell hounds (D:13)
  A black bear (Lair:4)
  A necrophage (D:6)
  43 orc warriors
  10 ogres
  38 wolves
  19 centaurs
  8 kobold brigands
  11 bullfrogs
  A wyvern zombie (D:6)
  4 gnoll sergeants
  3 scorpions
  A wyvern skeleton (D:7)
  A water moccasin skeleton (D:5)
  8 wights (D:7)
  9 electric eels
  9 howler monkeys
  A centaur zombie (D:8)
  2 bullfrog zombies
  3 hounds
  A bullfrog skeleton (D:6)
  24 orc priests
  2 iguanas
  2 scorpion zombies (D:4)
  20 orc wizards
  A hound zombie (D:4)
  A hound skeleton (D:5)
  19 gnolls
  2 howler monkey skeletons
  4 adders
  An ufetubus (D:4)
  A worm (D:3)
  3 dart slugs
  87 orcs
  10 endoplasms
  4 giant cockroaches
  9 goblins
  5 hobgoblins
  4 jackals (D:1)
  A quokka (D:3)
  5 ball pythons
  6 bats
  4 frilled lizards
  11 kobolds
  8 rats
  A ballistomycete spore (Lair:4)
  8 tentacles
1139 creatures vanquished.

Vanquished Creatures (collateral kills)
  An orc warlord (Orc:1)
  A deep elf sorcerer (Orc:2)
  An emperor scorpion (Spider:4)
  An orb spider (Spider:2)
  An ugly thing (D:9)
  A jumping spider (Spider:2)
  3 hornets (Spider:4)
  2 redbacks
  4 tarantellas
  3 small abominations (D:9)
  An orc priest (Orc:1)
  93 ballistomycete spores
112 creatures vanquished.

Vanquished Creatures (others)
  A boulder beetle (Spider:4)
  A deep elf knight (Elf:1)
  A deep elf archer (Elf:1)
  A deep elf zephyrmancer (Elf:1)
  8 ballistomycete spores
  25 fungi
  108 plants
  21 tentacles
  A withered plant (Shoals:2)
167 creatures vanquished.

Grand Total: 1418 creatures vanquished

Notes
Turn   | Place    | Note
-------+----------+-------------------------------------------
     0 | D:1      | mandarbmax the Demonspawn Gladiator began the quest for the
                  | Orb.
     0 | D:1      | Reached XP level 1. HP: 16/16 MP: 1/1
   136 | D:1      | Found a faded altar of an unknown god.
   153 | D:1      | Gained mutation: You are partially covered in large bone
                  | plates. (SH +4) [demonic ancestry]
   153 | D:1      | Reached XP level 2. HP: 14/22 MP: 2/2
   163 | D:1      | Prayed at the altar of an unknown god.
   163 | D:1      | Became a worshipper of Fedhas Madash
   163 | D:1      | Reached * piety under Fedhas
   788 | D:1      | Gained mutation: You regenerate a little health from kills.
                  | [demonic ancestry]
   788 | D:1      | Reached XP level 3. HP: 28/28 MP: 3/3
  1039 | D:2      | Reached ** piety under Fedhas
  1548 | D:3      | Found an iron altar of Okawaru.
  1976 | D:3      | Gained mutation: You are partially covered in sharp spines.
                  | [demonic ancestry]
  1976 | D:3      | Reached XP level 4. HP: 34/34 MP: 4/4
  2576 | D:4      | Found a burning altar of Makhleb.
  2667 | D:4      | Found a staircase to the Ecumenical Temple.
  3001 | D:4      | Gained mutation: You are mostly covered in sharp spines.
                  | [demonic ancestry]
  3001 | D:4      | Reached XP level 5. HP: 41/41 MP: 5/5
  3091 | D:4      | Found a shimmering blue altar of Sif Muna.
  3208 | D:4      | Found a basalt altar of Yredelemnul.
  3217 | D:4      | Reached XP level 6. HP: 47/47 MP: 6/6
  3318 | D:5      | Entered Level 5 of the Dungeon
  3318 | D:5      | Noticed a water moccasin
  3324 | D:5      | Killed a water moccasin
  3324 | D:5      | Reached *** piety under Fedhas
  3325 | D:5      | Reached skill level 5 in Staves
  3629 | D:5      | Noticed an ice beast
  3650 | D:5      | Killed an ice beast
  3651 | D:5      | Gained mutation: You have sharp fingernails. [demonic
                  | ancestry]
  3651 | D:5      | Reached XP level 7. HP: 41/54 MP: 7/7
  3824 | D:5      | Reached skill level 1 in Invocations
  3844 | D:5      | Found Deulie's Distillery.
  4277 | D:6      | Reached skill level 2 in Invocations
  4433 | D:6      | Reached skill level 3 in Invocations
  4449 | D:6      | Reached skill level 5 in Fighting
  4530 | D:6      | Reached skill level 4 in Invocations
  4611 | D:6      | Reached XP level 8. HP: 62/63 MP: 11/11
  4792 | D:6      | Reached skill level 5 in Invocations
  5386 | D:7      | Reached skill level 6 in Invocations
  5505 | D:7      | Reached skill level 7 in Invocations
  5648 | D:7      | Reached skill level 8 in Invocations
  6085 | D:7      | Reached skill level 9 in Invocations
  6097 | D:7      | Reached XP level 9. HP: 33/69 MP: 7/16
  6101 | D:7      | Reached skill level 10 in Invocations
  6619 | D:5      | Bought a potion of haste for 150 gold pieces
  6619 | D:5      | Bought a potion of heal wounds for 75 gold pieces
  6619 | D:5      | Bought a potion of curing for 45 gold pieces
  6855 | D:8      | Reached **** piety under Fedhas
  6982 | D:8      | Reached skill level 11 in Invocations
  7283 | D:8      | Reached skill level 12 in Invocations
  7832 | D:8      | Reached skill level 13 in Invocations
  7874 | D:8      | Reached skill level 1 in Armour
  8259 | D:9      | Found a flagged portal.
  8270 | Bailey   | Entered a bailey
  8270 | Bailey   | Noticed an orc knight
  8270 | Bailey   | Noticed an orc knight
  8296 | Bailey   | Gained mutation: You are mostly covered in large bone
                  | plates. (SH +6) [demonic ancestry]
  8296 | Bailey   | Reached XP level 10. HP: 21/77 MP: 2/19
  8575 | Bailey   | Killed an orc knight
  8576 | Bailey   | Reached skill level 1 in Evocations
  8587 | Bailey   | Killed an orc knight
  8588 | Bailey   | Reached skill level 5 in Dodging
  8607 | Bailey   | Noticed an orc knight
  8616 | Bailey   | Killed an orc knight
  8792 | D:9      | Learned a level 2 spell: Wereblood
  8965 | D:9      | Found a transporter.
  8965 | D:9      | Noticed a green ugly thing
  8967 | D:9      | Found a corrupted altar of Lugonu.
  8968 | D:9      | Noticed a white ugly thing
  8972 | D:9      | Noticed a purple ugly thing
  9086 | D:9      | Found a hide-covered altar of Uskayaw.
  9459 | D:9      | Reached ***** piety under Fedhas
  9466 | D:9      | Noticed Joseph
  9477 | D:9      | Killed Joseph
  9513 | D:9      | Reached XP level 11. HP: 67/86 MP: 15/20
  9831 | D:9      | Noticed Maggie
  9840 | D:9      | Killed Maggie
  9882 | D:9      | Found a transporter.
 10056 | D:9      | Killed a green ugly thing
 10065 | D:9      | Killed a green ugly thing
 10067 | D:9      | Killed a purple ugly thing
 10223 | D:10     | Entered Level 10 of the Dungeon
 10227 | D:10     | Noticed a two-headed ogre
 10237 | D:10     | Killed a two-headed ogre
 10313 | D:10     | Reached skill level 5 in Throwing
 10356 | D:10     | Found a staircase to the Lair.
 10369 | D:10     | Reached skill level 5 in Armour
 10386 | D:10     | Reached skill level 5 in Evocations
 10779 | D:10     | Found a snail-covered altar of Cheibriados.
 11634 | D:11     | Reached skill level 1 in Stealth
 11693 | D:11     | Noticed a two-headed ogre
 11704 | D:11     | Killed a two-headed ogre
 12536 | D:12     | Noticed Nessos
 12537 | D:12     | Noticed Nessos
 12537 | D:12     | Nessos changed into Nessos the eye of devastation
 12553 | D:12     | Killed Nessos the eye of devastation
 12848 | D:12     | Noticed a boulder beetle
 12863 | D:12     | Killed a boulder beetle
 13079 | D:12     | Reached XP level 12. HP: 94/95 MP: 19/21
 13290 | D:12     | Noticed a five-headed hydra
 13300 | D:12     | Killed a five-headed hydra
 13322 | D:12     | Noticed Urug
 13330 | D:12     | Killed Urug
 13339 | D:12     | Noticed Jorgrun
 13345 | D:12     | Killed Jorgrun
 13346 | D:12     | Reached skill level 5 in Stealth
 13571 | D:12     | Found a sparkling altar of Nemelex Xobeh.
 13599 | D:12     | Noticed a two-headed ogre
 13623 | D:12     | Killed a two-headed ogre
 14030 | D:12     | Noticed Psyche
 14041 | D:12     | Killed Psyche
 14579 | D:12     | Found a staircase to the Orcish Mines.
 14929 | D:13     | Noticed Azrael
 14949 | D:13     | Killed Azrael
 15142 | D:13     | Identified the +6 quarterstaff "Unou" {flame, rC+ rCorr}
 15265 | D:13     | Noticed a centaur warrior
 15281 | D:13     | Killed a centaur warrior
 15282 | D:13     | Reached skill level 14 in Invocations
 15413 | D:13     | Noticed Frances
 15437 | D:13     | HP: 5/142 [Frances (9)]
 15438 | D:13     | HP: 1/142 [Frances (4)]
 15900 | D:13     | Noticed a two-headed ogre
 15912 | D:13     | Killed a two-headed ogre
 16454 | D:13     | Killed Frances
 16455 | D:13     | Reached skill level 10 in Fighting
 16784 | Lair:1   | Entered Level 1 of the Lair of Beasts
 16806 | Lair:1   | Gained mutation: You are completely covered in large bone
                  | plates. (SH +8) [demonic ancestry]
 16806 | Lair:1   | Reached XP level 13. HP: 95/103 MP: 20/23
 17778 | Lair:2   | Reached skill level 15 in Invocations
 17851 | Lair:2   | Found a hole to the Spider Nest.
 18019 | Lair:2   | Found a staircase to the Shoals.
 18649 | Lair:3   | Identified the +2 ring mail of Honour {rF+ Str+2 Int+3
                  | Stlth+}
 18904 | Lair:3   | Reached skill level 16 in Invocations
 19360 | Lair:3   | Noticed Sonja
 19368 | Lair:3   | Killed Sonja
 20091 | Lair:4   | Found a dark tunnel.
 20096 | Volcano  | Entered a volcano
 20117 | Volcano  | Reached skill level 1 in Bows
 20892 | Lair:4   | Identified the +1 robe of Generosity {rElec rPois Int+9
                  | Slay+2}
 21524 | Lair:5   | Found a viscous altar of Jiyva.
 21526 | Lair:5   | Found a staircase to the Slime Pits.
 21537 | Lair:5   | Gained mutation: You regenerate health from kills. [demonic
                  | ancestry]
 21537 | Lair:5   | Reached XP level 14. HP: 92/113 MP: 21/26
 22161 | Lair:6   | Entered Level 6 of the Lair of Beasts
 22240 | Lair:6   | Reached skill level 5 in Bows
 23018 | Lair:6   | Found a runed translucent door.
 23361 | Lair:6   | Reached ****** piety under Fedhas
 24169 | Orc:1    | Entered Level 1 of the Orcish Mines
 24250 | Orc:1    | Noticed Snorg
 24258 | Orc:1    | Killed Snorg
 24399 | Orc:2    | Entered Level 2 of the Orcish Mines
 24415 | Orc:2    | Noticed an orc warlord
 24600 | Orc:1    | Killed an orc warlord
 24783 | Orc:2    | Noticed Nergalle
 24790 | Orc:2    | Killed Nergalle
 25165 | Orc:2    | Found Ohuwoq's Book Boutique.
 25184 | Orc:2    | Found Mijaraur's General Store.
 25194 | Orc:2    | Found Diotzay's Antique Weapon Boutique.
 25218 | Orc:2    | Found Atupor's Antique Armour Boutique.
 25852 | Orc:2    | Found a staircase to the Elven Halls.
 26211 | Orc:1    | Found a runed translucent door.
 26327 | Orc:1    | Noticed an orc warlord
 26346 | Orc:1    | Killed an orc warlord
 26346 | Orc:1    | Paralysed by an orc sorcerer for 3 turns
 26347 | Orc:1    | Gained mutation: You are completely covered in sharp
                  | spines. [demonic ancestry]
 26347 | Orc:1    | Reached XP level 15. HP: 89/118 MP: 10/27
 26851 | Orc:2    | Bought a manual of Stealth for 880 gold pieces
 27029 | D:5      | Bought a potion of curing for 45 gold pieces
 27029 | D:5      | Bought a potion of might for 60 gold pieces
 27029 | D:5      | Bought a potion of resistance for 150 gold pieces
 27029 | D:5      | Bought a potion of might for 60 gold pieces
 27029 | D:5      | Bought a potion of haste for 150 gold pieces
 27029 | D:5      | Bought a potion of heal wounds for 75 gold pieces
 27029 | D:5      | Bought a potion of might for 60 gold pieces
 27029 | D:5      | Bought a potion of might for 60 gold pieces
 27184 | D:14     | Found Xypaaje's Armour Shop.
 27194 | D:14     | Reached skill level 10 in Bows
 27365 | D:14     | Reached skill level 10 in Evocations
 27560 | D:14     | Found a gate to the Vaults.
 27695 | D:14     | Noticed Roxanne
 27725 | D:14     | Killed Roxanne
 28582 | D:15     | Entered Level 15 of the Dungeon
 28847 | D:15     | Found a portal to a secret trove of treasure.
 29008 | D:15     | Found a staircase to the Depths.
 29588 | Spider:1 | Entered Level 1 of the Spider Nest
 29918 | Lair:2   | Killed a ghost moth
 31175 | Spider:1 | Reached XP level 16. HP: 62/120 MP: 17/28
 32319 | Spider:2 | Noticed Mlioglotl
 32340 | Spider:2 | Killed Mlioglotl
 33013 | Spider:3 | Noticed Arachne
 33019 | Spider:3 | Reached skill level 10 in Armour
 33019 | Spider:3 | Reached skill level 10 in Dodging
 33028 | Spider:3 | Reached skill level 10 in Stealth
 33030 | Spider:3 | Killed Arachne
 33459 | Spider:4 | Entered Level 4 of the Spider Nest
 33466 | Spider:4 | Reached skill level 17 in Invocations
 33804 | Spider:4 | Gained mutation: Your hexes are more powerful. [demonic
                  | ancestry]
 33804 | Spider:4 | Reached XP level 17. HP: 46/131 MP: 14/29
 33805 | Spider:4 | HP: 5/131 [emperor scorpion (3)]
 33960 | Spider:4 | Reached skill level 18 in Invocations
 34697 | Spider:4 | Got a gossamer rune of Zot
 35428 | Spider:4 | Identified the +3 helmet "Goimamaoteu" {Drain +Blink SInv
                  | Stlth+}
 36245 | Shoals:1 | Entered Level 1 of the Shoals
 36259 | Shoals:1 | Reached skill level 19 in Invocations
 36930 | Shoals:1 | Reached skill level 15 in Stealth
 36982 | Shoals:1 | Found Bezexze's Firing Range.
 37972 | Shoals:2 | Reached skill level 20 in Invocations
 38166 | Shoals:2 | Noticed Aizul
 38175 | Shoals:2 | Killed Aizul
 38325 | Shoals:2 | Noticed a kraken
 38345 | Shoals:2 | Killed a kraken
 39163 | Shoals:3 | Reached XP level 18. HP: 140/140 MP: 32/32
 39166 | Shoals:3 | Noticed Ilsuiw
 39188 | Shoals:3 | Killed Ilsuiw
 39890 | Shoals:4 | Entered Level 4 of the Shoals
 40103 | Shoals:4 | Identified the amulet of Meghunn {Reflect Contam rElec
                  | Dex+4 Slay+3 SH+5}
 40328 | Shoals:4 | Got a barnacled rune of Zot
 40800 | Shoals:4 | Reached skill level 21 in Invocations
 40867 | Shoals:4 | Reached skill level 15 in Bows
 40898 | Shoals:4 | Identified the +8 battleaxe of the Hummingbird {freeze,
                  | rElec rC+ Will+ Dex+3}
 41464 | Elf:1    | Entered Level 1 of the Elven Halls
 41468 | Elf:1    | Cast into level 2 of the Abyss (a deep elf sorcerer)
 41483 | Abyss:2  | Noticed a tentacled monstrosity
 41499 | Abyss:2  | Killed a tentacled monstrosity
 41500 | Abyss:2  | Noticed a bone dragon
 41510 | Elf:1    | Escaped the Abyss
 41863 | Elf:1    | Noticed Nikola
 41878 | Elf:1    | Killed from afar by Nikola

Illustrated notes

Levels and vault maps discovered:
D:1:      eino_arrival_water_cross, layout_rooms,
          chequers_ecumenical_altar_simple
D:2:      layout_rooms, chequers_garden
D:3:      layout_basic, mainiacjoe_overflow_paths, minmay_misc_feat_pillars,
          minmay_misc_feat_nine_boxes, kennysheep_donut
D:4:      layout_gridville, mainiacjoe_overflow_small_starburst,
          mainiacjoe_overflow_alcove_4, nicolae_yredelemnul_corpse_copse,
          minmay_temple_entry_gardened_gates
D:5:      layout_rooms, serial_shops, shop_fountains
D:6:      layout_loops_cross, abandoned_shop
D:7:      layout_basic
D:8:      layout_loops_ring
D:9:      gammafunk_corrupted_shrine, layout_stronghold,
          nicolae_uskayaw_dance_hall, enter_bailey_5, chequers_jeans,
          hellmonk_bongcloud_opening, uniq_maggie, uniq_joseph
D:10:     layout_cave_pods, mainiacjoe_overflow_24_doors, lair_entry_dummy,
          grunt_ministairs_7, minivault_4
D:11:     layout_basic
D:12:     layout_basic, erik_orc_2, nemelex_lonely_heart_becter, uniq_nessos,
          uniq_jorgrun, uniq_psyche, uniq_urug
D:13:     layout_loops_corners, uniq_azrael, uniq_frances
D:14:     layout_stronghold, skrybe_vaults_entry_preservation, nrook_campfire,
          serial_shops, nicolae_stop_n_shop_2, uniq_roxanne
D:15:     hangedman_depths_entry_try_elsewhere_first, layout_rooms,
          nicolae_trove_entry_path_of_doom, hangedman_decor_clover_reticule,
          drop_trap
Lair:1:   layout_regular_city, grunt_megastairs_4, infiniplex_staircase_pool
Lair:2:   layout_misc_corridors, elwin_shoals_entry_rooms,
          spider_nest_entry_rubble, serial_bayou_shore_b
Lair:3:   layout_gridlike, nicolae_lair_grazing_beasts
          [nicolae_sub_lair_graze_edge, nicolae_sub_lair_graze_edge,
          nicolae_sub_lair_graze_edge, nicolae_sub_lair_graze_edge], uniq_sonja
Lair:4:   layout_regular_city, enter_volcano_4, serial_bayou_shore_a,
          lemuel_fruit_tree
Lair:5:   layout_concentric_octagons, slime_altar_1, grunt_megastairs_1
Lair:6:   wormcave, layout_hall_layers, chequers_serial_rivers_room_b,
          grunt_forest_large_clearings
Shoals:1: layout_shoals, nicolae_shoals_stone_sculpture_thing,
          nicolae_shoals_circle_sea_wall, nicolae_shop_firing_range
Shoals:2: layout_shoals, nicolae_shoals_spectral_cove, uniq_aizul
Shoals:3: layout_shoals, uniq_ilsuiw
Shoals:4: shoals_end_simple, layout_shoals
Spider:1: layout_spider_delve
Spider:2: layout_spider_delve, uniq_mlioglotl
Spider:3: layout_spider_delve, uniq_arachne
Spider:4: guppyfry_spider_rune, drop_trap, worms_lemuel
Orc:1:    layout_diamond_mine, lightli_church_of_beogh, uniq_snorg
Orc:2:    grunt_orc_cross, layout_caves
Elf:1:    minmay_elf_arrival_circle, layout_geoelf_octagon,
          gammafunk_ghost_wrathful_warriors, nicolae_elf_deep_mausoleum,
          uniq_nikola

Skill      XL: |  1  2  3  4  5  6  7  8  9 10 11 12 13 14 15 16 17 18 |
---------------+-------------------------------------------------------+-----
Throwing       | 2 4 5 |  5.0
Staves         | 3 4 6 |  6.0
Dodging        | 3 4 6 7 8 9 10 | 10.0
Fighting       | 3 4 5 6 7 9 10 11 13 | 13.0
Invocations    | 4 9 13 14 16 17 20 21 | 21.0
Armour         | 2 4 6 8 9 10 | 10.0
Evocations     | 4 6 7 9 10 | 10.0
Stealth        | 3 6 13 15 | 15.0
Bows           | 3 9 13 14 15 | 15.8

Action                   |  1- 3 |  4- 6 |  7- 9 | 10-12 | 13-15 | 16-18 || total
-------------------------+-------+-------+-------+-------+-------+-------++-------
Melee: Quarterstaff      |   120 |    87 |   237 |   354 |   162 |       ||   960
       Lajatang          |       |       |       |       |   281 |    38 ||   319
       Longbow           |       |       |       |       |       |     1 ||     1
 Fire: Longbow           |       |       |       |       |   823 |  1201 ||  2024
Throw: Dart              |    13 |     8 |    86 |   178 |    34 |     4 ||   323
       Boomerang         |       |       |    10 |    12 |    19 |       ||    41
       Throwing net      |       |       |     1 |     1 |       |       ||     2
       Javelin           |       |       |       |     6 |       |       ||     6
Invok: Grow Ballistomyce |       |       |       |     6 |     6 |     7 ||    19
       Overgrow          |       |       |       |     2 |       |     2 ||     4
       Wall of Briars    |       |       |       |     1 |       |     2 ||     3
       Grow Oklob        |       |       |       |       |     1 |     2 ||     3
 Abil: Evoke Invisibilit |       |       |       |       |     4 |     4 ||     8
Evoke: Wand              |       |       |     1 |     5 |     3 |    11 ||    20
       Box of beasts     |       |       |       |       |       |     1 ||     1
       Phial of floods   |       |       |       |       |       |     1 ||     1
       Condenser vane    |       |       |       |       |       |     2 ||     2
       Phantom mirror    |       |       |       |       |       |     1 ||     1
  Use: Scroll            |     2 |       |     8 |    10 |    23 |     4 ||    47
       Potion            |       |       |     2 |     4 |     6 |     8 ||    20
 Stab: Sleeping          |       |     1 |     2 |     4 |    12 |       ||    19
       Distracted        |       |       |       |     7 |     1 |       ||     8
       Confused          |       |       |       |     1 |     1 |       ||     2
       Invisible         |       |       |       |       |     1 |       ||     1
Armor: Leather armour    |    38 |    25 |    30 |       |       |       ||    93
       Steam dragon scal |       |       |    19 |    11 |       |       ||    30
       Acid dragon scale |       |       |       |   108 |    20 |       ||   128
       Ring mail         |       |       |       |       |   296 |   382 ||   678
       Skin              |       |       |       |       |    23 |       ||    23
Dodge: Dodged            |    96 |    53 |   131 |   263 |   676 |   563 ||  1782
Block: Other             |    29 |    13 |    43 |   131 |   346 |   330 ||   892
       Reflection        |       |       |       |       |       |     7 ||     7

Table legend: (Time is in decaauts)
 A = Elapsed time spent in this place.
 B = Non-inter-level travel time spent in this place.
 C = Inter-level travel time spent in this place.
 D = Time resting spent in this place.
 E = Time spent auto-exploring this place.
 F = Levels seen in this place.
 G = Mean time per level.
                   A        B        C        D        E       F      G
               +--------+--------+--------+--------+--------+-----+--------+
         Total |  42693 |  40053 |   2640 |   5053 |  27267 |  35 | 1219.8 |
       Dungeon |  19255 |  17869 |   1386 |   2166 |  12904 |  15 | 1283.7 |
          Lair |   8136 |   7429 |    707 |    862 |   5163 |   6 | 1356.0 |
        Shoals |   5430 |   5268 |    162 |    286 |   3732 |   4 | 1357.5 |
   Spider Nest |   5799 |   5636 |    163 |    976 |   3509 |   4 | 1449.8 |
  Orcish Mines |   3074 |   2853 |    221 |    372 |   1703 |   2 | 1537.0 |
   Elven Halls |    148 |    148 |      0 |     48 |     40 |   1 |  148.0 |
         Abyss |     41 |     41 |      0 |      0 |      0 |   1 |   41.0 |
        Bailey |    505 |    505 |      0 |    342 |     45 |   1 |  505.0 |
       Volcano |    301 |    301 |      0 |      0 |    170 |   1 |  301.0 |
               +--------+--------+--------+--------+--------+-----+--------+

Top non-repeatable levels by time:
Spider:4: 2725 daAuts
    D:12: 2702 daAuts
  Lair:2: 2051 daAuts
    D:13: 1889 daAuts
  Lair:6: 1880 daAuts
     D:7: 1743 daAuts
   Orc:2: 1709 daAuts
     D:9: 1703 daAuts
Shoals:2: 1673 daAuts
Spider:1: 1456 daAuts
    D:14: 1436 daAuts
Shoals:4: 1384 daAuts
   Orc:1: 1364 daAuts
     D:8: 1321 daAuts
Shoals:3: 1245 daAuts
